 Dungeon Crawl Stone Soup version 0.21-a0-71-g5e5ddd2 (webtiles) character file.

216 xgamer67 the Poker (level 5, -6/38 HPs)
             Began as a Merfolk Skald on June 19, 2017.
             Was a Follower of Okawaru.
             Killed by divine providence
             ... invoked by an orc priest
              (15 damage)
             ... on level 3 of the Dungeon.
             The game lasted 00:08:16 (3098 turns).

xgamer67 the Poker (Merfolk Skald)                  Turns: 3098, Time: 00:08:16

Health: -6/38      AC:  4    Str: 12    XL:     5   Next: 93%
Magic:  1/8        EV: 12    Int: 13    God:    Okawaru [*.....]
Gold:   112        SH:  4    Dex: 13    Spells: 2/8 levels left

rFire    . . .     SeeInvis .   a - +0 spear
rCold    + . .     Gourm    .   o - +0 buckler
rNeg     . . .     Faith    +   b - +0 leather armour
rPois    .         Spirit   .   (no helmet)
rElec    .         Reflect  .   (no cloak)
rCorr    .         Harm     .   (no gloves)
MR       .....                  (no boots)
Stlth    +.........             e - amulet of faith
HPRegen  0.12/turn              g - +1 ring of protection
MPRegen  0.11/turn              q - ring of protection from cold

@: no status effects
A: change form in water, swift swim, stealthy swim
a: Heroism, Renounce Religion


You were on level 3 of the Dungeon.
You worshipped Okawaru.
Okawaru was aware of your devotion.
You were not hungry.

You visited 1 branch of the dungeon, and saw 3 of its levels.

You collected 112 gold pieces.

Inventory:

Hand Weapons
 a - a +0 spear (weapon)
Armour
 b - a +0 leather armour (worn)
 o - a +0 buckler (worn)
Jewellery
 e - an amulet of faith (around neck)
 g - a +1 ring of protection (left hand)
 q - a ring of protection from cold (right hand)
 v - an uncursed ring of see invisible
Wands
 m - a wand of iceblast (15/15)
Scrolls
 s - a scroll of recharging
Potions
 f - 2 potions of cancellation
 h - a potion of flight {unknown}
 i - a potion of lignification {unknown}
 n - a potion of brilliance {unknown}
 p - a potion of curing
 t - a potion of mutation {unknown}
 u - a potion of ambrosia {unknown}
Books
 c - a book of Battle

   Spells                             Type                      Level
   a - Infusion                       Charms                       1
   b - Shroud of Golubria             Charms/Translocation         2
   c - Song of Slaying                Charms                       2
   d - Spectral Weapon                Hexes/Charms                 3
   e - Regeneration                   Charms/Necromancy            3
Comestibles
 d - 2 bread rations
 j - 2 chunks of flesh
 k - 6 royal jellies
 l - 2 meat rations


   Skills:
 - Level 2.1 Fighting
 + Level 6.3 Polearms
 - Level 0.6 Armour
 - Level 2.6 Dodging
 + Level 3.1 Shields
 - Level 2.0 Spellcasting
 - Level 4.0 Charms


You had 2 spell levels left.
You knew the following spells:

 Your Spells              Type           Power        Failure   Level  Hunger
a - Infusion              Chrm           ##..         7%          1    ##.....
b - Shroud of Golubria    Chrm/Tloc      #.........   24%         2    ###....
d - Spectral Weapon       Hex/Chrm       #.......     43%         3    ####...


Dungeon Overview and Level Annotations

Branches:
Dungeon (3/15)

Altars:
Hepliaklqana
Okawaru
Xom


Message History

You kill the goblin!
Okawaru accepts your kill.
You are no longer magically infusing your attacks.
Evoke which item? (* to show all) (? for menu, Esc to quit)
Okay, then.
You feel better. You block the orc priest's attack.
You hit the orc priest.
The orc priest is moderately wounded.
You hit the orc priest.
The orc priest is heavily wounded.
The orc priest calls down the wrath of Beogh upon you.
You barely resist. You hit the orc priest.
The orc priest is severely wounded.
The orc priest barely misses you.
You closely miss the orc priest.
The orc priest is severely wounded.
The orc priest mumbles some strange prayers to Beogh against you.
Beogh smites you!
You die...

*,* **,****,* *,*
#.....# *,*****,*,,..,*
*,* #####.#
*,,,,,,,,,,..#*******,*
#.#
***********#o.,,,,,,,,*
#.# *********
#o#********* #.#
,,,,,,,,* #<# #†#
*******.# #.# #.# #.#
#.#########**##* #.#
#.#
#.o@.(.....,.,.###.#
#######.#
#.###[....(,,....#.#
......#.# #.#
#.#####**#.#.#.#
.#......# #.# #.#
#.#>#.# ###.#o..# ##†#
#.# ##.....# .#.##...#
#..# #.# ###....#.#
#.#*#...# #.## #.#
#......... ### #...#
#.# #.# #.#....#)#
..###.o.# #.#
#.#####.##....##


You could see an orc priest.

Vanquished Creatures
  A crimson imp (D:3)
  2 orc wizards (D:3)
  4 adders
  A worm (D:2)
  2 dart slugs (D:2)
  3 leopard geckos (D:2)
  9 orcs
  9 bats
  3 giant cockroaches
  6 goblins
  7 hobgoblins
  9 jackals
  7 kobolds
  A ball python (D:2)
  8 rats
72 creatures vanquished.

Notes
Turn   | Place    | Note
-------+----------+-------------------------------------------
     0 | D:1      | xgamer67 the Merfolk Skald began the quest for the Orb.
     0 | D:1      | Reached XP level 1. HP: 16/16 MP: 3/3
   162 | D:1      | Reached XP level 2. HP: 19/22 MP: 5/5
   166 | D:1      | Learned a level 2 spell: Shroud of Golubria
   280 | D:1      | Found a shimmering altar of Xom.
   458 | D:1      | Reached skill level 4 in Polearms
   994 | D:2      | Reached XP level 3. HP: 27/27 MP: 6/6
  1031 | D:2      | Found an iron altar of Okawaru.
  1045 | D:2      | Became a worshipper of Warmaster Okawaru
  1076 | D:2      | Found a hazy altar of Hepliaklqana.
  1328 | D:2      | Learned a level 3 spell: Spectral Weapon
  1405 | D:2      | Reached skill level 1 in Shields
  1549 | D:2      | Reached XP level 4. HP: 32/33 MP: 7/7
  1999 | D:2      | Reached skill level 5 in Polearms
  2529 | D:3      | Reached XP level 5. HP: 38/38 MP: 0/8
  2669 | D:3      | Reached * piety under Okawaru
  2669 | D:3      | Reached skill level 6 in Polearms
  3098 | D:3      | Killed from afar by an orc priest

Vault maps used:
D:1:      kennysheep_arrival_forest, hangedman_decor_riveting,
          grunt_decor_arrowhead, xom_teletrap_fun
D:2:      overflow_temple_1_default, first_bread, okawaru_trees_2
D:3:      minmay_misc_feat_doors

Skill      XL: |  1  2  3  4  5 |
---------------+----------------+-----
Polearms       | 4 5 6 |  6.3
Charms         | 4 |  4.0
Shields        | 1 2 3 |  3.1
Fighting       | |  2.1
Armour         | |  0.6
Dodging        | |  2.6
Spellcasting   | |  2.0

Action                   |  1- 3 |  4- 6 || total
-------------------------+-------+-------++-------
Melee: Spear             |   130 |   217 ||   347
 Cast: Infusion          |     1 |     8 ||     9
       Shroud of Golubri |       |     6 ||     6
  Use: Scroll            |       |     7 ||     7
       Potion            |       |     1 ||     1
 Stab: Sleeping          |     1 |       ||     1
  Eat: Chunk             |     2 |     6 ||     8
Armor: Leather armour    |    23 |    37 ||    60
Dodge: Dodged            |    47 |    92 ||   139
Block: Buckler           |     7 |    28 ||    35
